 Dungeon Crawl Stone Soup version 0.25.0-1-g7eea58d2a3 (webtiles) character file.

Game seed: 8925398082702015895

43 Delamore the Cudgeler (level 3, 0/23 HPs)
             Began as a Gargoyle Fighter on June 13, 2020.
             Slain by a gnoll
             ... wielding a +0 halberd
              (6 damage)
             ... on level 2 of the Dungeon.
             The game lasted 00:00:59 (1263 turns).

Delamore the Cudgeler (Gargoyle Fighter)            Turns: 1263, Time: 00:01:00

Health: 0/23       AC: 10    Str: 20    XL:     3   Next: 58%
Magic:  3/3        EV:  7    Int:  8    God:
Gold:   54         SH:  9    Dex:  9    Spells: 2/2 levels left

rFire    . . .     SeeInvis .   a - +0 flail
rCold    . . .     Gourm    .   c - +0 kite shield
rNeg     + . .     Faith    .   b - +0 scale mail
rPois    ∞         Spirit   .   (no helmet)
rElec    +         Reflect  .   (no cloak)
rCorr    .         Harm     .   (no gloves)
MR       .....                  (no boots)
Stlth    ..........             (no amulet)
HPRegen  0.07/turn              m - ring of poison resistance
MPRegen  0.08/turn              (no ring)

@: no status effects
A: negative energy resistance 1, electricity resistance, unbreathing,
petrification resistance, rot immunity, AC +3
a: no special abilities


You were on level 2 of the Dungeon.
You were not hungry.

You visited 1 branch of the dungeon, and saw 2 of its levels.

You collected 54 gold pieces.

Inventory:

Hand Weapons
 a - a +0 flail (weapon)
Armour
 b - a +0 scale mail (worn)
 c - a +0 kite shield (worn)
Jewellery
 m - a ring of poison resistance (left hand)
Scrolls
 i - a scroll of fog {unknown}
 j - a scroll of immolation {unknown}
 k - 2 scrolls of fear {unknown}
 l - 2 scrolls of identify {unknown}
Potions
 d - a potion of might
 e - a potion of degeneration {unknown}
 h - 2 potions of curing {unknown}
Comestibles
 f - 2 rations


   Skills:
 - Level 3.2 Fighting
 + Level 3.8 Maces & Flails
 - Level 3.2 Armour
 - Level 3.2 Shields


You had 2 spell levels left.
You didn't know any spells.
Your spell library was empty.

Dungeon Overview and Level Annotations

Branches:
Dungeon (2/15)

Altars:
Ru


Innate Abilities, Weirdness & Mutations

You are resistant to torment.
Your stone body is resilient. (AC +3)
You are immune to poison.
You resist negative energy. (rN+)
You are resistant to electric shocks. (rElec)
You can survive without breathing.
You are immune to petrification.
You are immune to rotting.


Message History

a +0 short sword; a kobold corpse You closely miss the gnoll.
The gnoll hits you but does no damage.
You closely miss the gnoll. You block the gnoll's attack.
The gnoll hits you from afar with a +0 halberd!
The gnoll hits you but does no damage.
You hit the gnoll.
The gnoll is moderately wounded.
The gnoll closely misses you.
You hit the gnoll but do no damage.
The gnoll is moderately wounded.
The gnoll hits you but does no damage.
The gnoll hits you from afar with a +0 halberd.
* * * LOW HITPOINT WARNING * * *
Your shield and scale mail prevent you from hitting the gnoll.
The gnoll is moderately wounded.
The gnoll hits you but does no damage. x2
You closely miss the gnoll.
The gnoll is moderately wounded.
The gnoll hits you from afar with a +0 halberd.
You die...

###.#.##......(.....#
####...#.##..)>........#
......>........(.......#
(......#.))............#
.......###.###.........####
......<....####.####.......
####.........##..# .......
#.........##..# .%.....
##.....<..#.#@## .......
#########.#.#g##.g.g...
#.#...#g#.......
#.#.....#g.......
#.#.≈≈≈.#........ #
#≈...≈#..$...).
#≈._.≈#......[.
#≈...≈#.#.##### #.≈≈≈.#.#.#


You could see 3 gnolls.

Vanquished Creatures
  An adder (D:2)
  A dart slug (D:2)
  A leopard gecko (D:1)
  4 giant cockroaches
  2 goblins (D:1)
  4 hobgoblins
  A ball python (D:1)
  3 bats (D:1)
  6 kobolds
  9 rats
32 creatures vanquished.

Notes
Turn   | Place    | Note
-------+----------+-------------------------------------------
     0 | D:1      | Delamore the Gargoyle Fighter began the quest for the Orb.
     0 | D:1      | Reached XP level 1. HP: 14/14 MP: 1/1
   221 | D:1      | Reached XP level 2. HP: 19/19 MP: 2/2
   946 | D:2      | Reached XP level 3. HP: 23/23 MP: 3/3
  1231 | D:2      | Found a sacrificial altar of Ru.
  1263 | D:2      | Slain by a gnoll

Illustrated notes

Levels and vault maps discovered:
D:1:      matt_arrival_spirals, layout_basic
D:2:      layout_basic, nicolae_ru_awakened_eye

Skill      XL: |  1  2 |
---------------+-------+-----
Maces & Flails | 3 |  3.8
Fighting       | |  3.2
Armour         | |  3.2
Shields        | |  3.2

Action                   || total
-------------------------++-------
Melee: Flail             ||   126
  Eat: Chunk             ||     1
Armor: Scale mail        ||   104
Dodge: Dodged            ||    52
Block: Kite shield       ||    78
